Elenmirod, neutral male human Barbarian ------------------------ |......................| |..-------------------%| ----.-- ---- |.| |.....-----..| |.| |....(.......| |.| --.......|...| |.| --......|...| |.| |.----.--.-| ------|.| --...--.....| --|....%|.| |...........| |.-....%|.| |`..---.--.-| |-|..[%.|.| |...|.......| |.-..%@A-.| --.---.......| |-|..%%%|-- |..`.`.......| |.-.....| |.>..|m......| --|.....| -------------- ------- Elenmirod the Raider Experience level: 15 Strength: 18/24 Dexterity: 22 Constitution: 19 Intelligence: 9 Wisdom: 9 Charisma: 8 Health: 0(166) Energy: 21(29) Def: 15 Gold: 394 Moves: 38647 Dungeon seed: kgeVIYzdgjpDCczd Game ID: Elenmirod_1467192450 Your Inventory: Coins $ - 394 gold pieces Amulets A - an uncursed amulet of reflection (being worn) H - an uncursed amulet of life saving V - the blessed Eye of the Aethiopica Weapons E - an uncursed +0 dagger (in quiver) F - the uncursed rustproof +6 Cleaver (weapon in hands) Armor a - an uncursed +0 elven leather helm (being worn) d - an uncursed +0 dwarvish mithril-coat (being worn) k - a blessed +3 pair of gauntlets of dexterity (being worn) o - an uncursed -1 oilskin cloak (being worn) p - an uncursed burnt +0 pair of water walking boots y - an uncursed +0 pair of speed boots O - an uncursed +0 cloak of displacement Q - an uncursed +0 oilskin cloak Y - an uncursed +0 cloak of invisibility Comestibles L - an uncursed partly eaten lizard corpse named The Lizard of Yendor Rings j - an uncursed ring of free action (on left hand) n - an uncursed ring of levitation (on right hand) Wands g - an uncursed wand of secret door detection (0:12) r - an uncursed wand of death (0:5) s - an uncursed wand of fire (0:0) v - an uncursed wand of digging (0:7) I - an uncursed wand of cold (0:3) M - an uncursed wand of striking (0:8) N - an uncursed wand of digging (0:5) R - an uncursed wand of teleportation (0:6) S - an uncursed wand of sleep (0:4) Tools c - a blessed magic lamp (lit) e - an uncursed skeleton key l - the uncursed Bell of Opening (0:3) m - an uncursed towel (being worn) u - an uncursed +0 unicorn horn w - a blessed bag of holding P - an uncursed stethoscope Gems q - the blessed Heart of Ahriman z - an uncursed luckstone Contents of the bag of holding: 788 gold pieces a cursed amulet of restful sleep 7 uncursed +0 daggers an uncursed +0 elven dagger a cursed -3 helm of opposite alignment an uncursed +0 pair of jumping boots an uncursed K-ration an uncursed candy bar an uncursed carrot 7 uncursed food rations 3 uncursed lembas wafers an uncursed lizard corpse named The Lizard of Yendor 2 uncursed melons an uncursed sprig of wolfsbane 2 uncursed tripe rations 4 blessed scrolls of blank paper 20 uncursed scrolls of blank paper 3 cursed scrolls of blank paper an uncursed scroll of charging an uncursed scroll of confuse monster 3 uncursed scrolls of create monster a cursed scroll of create monster 3 uncursed scrolls of enchant armor a blessed scroll of enchant weapon 2 uncursed scrolls of enchant weapon a cursed scroll of enchant weapon 2 uncursed scrolls of fire a blessed scroll of gold detection an uncursed scroll of gold detection a cursed scroll of gold detection a blessed scroll of identify 2 uncursed scrolls of identify a blessed scroll of light an uncursed scroll of light 4 uncursed scrolls of magic mapping 2 cursed scrolls of magic mapping a blessed scroll of punishment a blessed scroll of remove curse 3 uncursed scrolls of remove curse 2 blessed scrolls of scare monster an uncursed scroll of scare monster a blessed scroll of stinking cloud 2 uncursed scrolls of taming a cursed scroll of taming 14 uncursed scrolls of teleportation a blessed scroll of water 4 uncursed scrolls of water a blessed potion of enlightenment 3 uncursed potions of extra healing 2 uncursed potions of full healing an uncursed potion of gain energy an uncursed potion of gain level a blessed potion of hallucination 4 potions of holy water an uncursed potion of levitation 2 uncursed potions of object detection a cursed potion of object detection an uncursed potion of paralysis a blessed potion of sickness 2 uncursed potions of sickness a blessed potion of speed a cursed ring of free action an uncursed +1 ring of increase accuracy an uncursed ring of polymorph control an uncursed ring of shock resistance an uncursed ring of slow digestion an uncursed ring of slow digestion a cursed ring of stealth a cursed ring of teleportation an uncursed wand of cold (0:7) an uncursed wand of cold (0:3) an uncursed wand of digging (0:6) an uncursed wand of digging (0:6) an uncursed wand of digging (0:5) an uncursed wand of digging (0:4) an uncursed wand of enlightenment (0:8) an uncursed wand of light (0:13) an uncursed wand of light (0:10) an uncursed wand of lightning (0:6) an uncursed wand of magic missile (0:8) an uncursed wand of magic missile (0:8) an uncursed wand of magic missile (0:6) an uncursed wand of magic missile (0:6) an uncursed wand of make invisible (0:6) an uncursed wand of slow monster (0:4) an uncursed wand of striking (0:5) an uncursed wand of teleportation (0:8) an uncursed wand of undead turning (0:6) an uncursed wand of wishing (1:0) an uncursed can of grease (0:18) an uncursed magic marker (0:13) an uncursed magic marker (0:8) an uncursed sack an uncursed tinning kit (0:30) an uncursed +0 unicorn horn 14 uncursed wax candles (0:400) an uncursed wooden flute Spells and supernatural/magical abilities: Name Level Category Fail Memory m - magic missile 2* attack 100% 0% n - detect monsters 1* divination 100% 0% r - remove curse 3* clerical 100% 0% v - clairvoyance 3 divination 100% 80% V - teleportitis -- ability ? -- W - pray for help -- divine ? -- Your skills at the end: Miscellaneous Skills bare handed combat [Basic] Weapon Skills axe [Master] short sword [Basic] Spellcasting Skills Final Attributes: You were piously aligned. You were fire resistant. You were cold resistant. You were sleep resistant. You were disintegration-resistant. You were poison resistant. You were magic-protected. You were telepathic. You were stealthy. You could teleport. You were levitating. You were protected. You had reflection. You had free action. You were lucky. You had extra luck. Good luck did not time out for you. You are dead. Vanquished creatures: an iron golem a storm giant a balrog Thoth Amon a silver dragon a white dragon a black dragon a yellow dragon a minotaur a jabberwock a baluchitherium a stone golem a guardian naga The Oracle a nurse a frost giant 2 vampires 2 ghosts an ettin a lieutenant a giant mimic a fire giant 6 ogre kings an ice troll 32 rock trolls an umber hulk a flesh golem a doppelganger 2 large mimics a long worm a couatl 2 stalkers an air elemental a fire elemental a water elemental 2 hill giants 2 giant mummies 2 black nagas 3 xorns 3 giant zombies an elf-lord 6 wargs a winter wolf 11 small mimics a warhorse 4 xans 3 ettin mummies 10 ogre lords 41 trolls a sasquatch 2 wood golems 4 sharks an electric eel a pyrolisk 2 large dogs 2 freezing spheres a flaming sphere 2 shocking spheres a large cat a tiger 3 dwarf kings 15 tengu 3 gelatinous cubes 2 ochre jellies 2 chameleons a crocodile 2 leocrottas 2 mountain centaurs 5 giants an elf mummy a human mummy 2 red nagas 2 pit vipers a python 6 wraiths 2 ettin zombies a leather golem a Grey-elf 16 soldiers 3 succubi 2 incubi 4 giant beetles 23 cockatrices 6 winter wolf cubs a lynx a panther 6 leprechauns a quivering blob 3 lizards an orc-captain a mumak 6 giant spiders 4 scorpions 3 iron piercers an ice vortex 2 black lights 3 vampire bats a forest centaur 5 gnome kings an orc mummy 2 dwarf mummies 114 ogres 4 rust monsters 3 owlbears 3 yetis a gold golem 3 Green-elves 7 giant eels 6 chieftains 4 chickatrices 3 dogs 5 dingos a housecat a jaguar 4 dwarf lords 5 blue jellies 6 water nymphs 2 white unicorns 2 black unicorns 2 dust vortices 2 ravens a plains centaur 4 Kop Kaptains 2 gnome mummies 8 snakes 3 water moccasins 2 apes 4 human zombies 2 rope golems 5 Woodland-elves 26 soldier ants a fire ant 8 bugbears 2 imps 2 quasits a baby crocodile a wood nymph 17 Mordor orcs 2 Uruk-hai 19 orc shamans a rock mole 4 rock piercers 4 ponies 6 fog clouds 9 yellow lights 3 shriekers 4 violet fungi 16 gnome lords 4 gnomish wizards 2 Kop Lieutenants 5 kobold mummies 2 guardian naga hatchlings 2 gray oozes a barrow wight 4 elf zombies 7 ghouls 3 paper golems 13 giant ants a little dog 11 floating eyes 4 kittens 24 dwarves 4 homunculi 3 kobold lords 3 kobold shamans 7 iguanas 13 hill orcs 12 rothes 5 rabid rats a centipede 2 giant bats 14 Kop Sergeants 2 monkeys 7 orc zombies 4 dwarf zombies 5 wererats a werejackal 2 killer bees 2 coyotes 6 gas spores 2 hobbits 6 acid blobs 3 large kobolds 10 geckos 9 hobgoblins 18 giant rats 8 cave spiders 4 brown molds 4 yellow molds 4 green molds 4 red molds 65 gnomes 18 Keystone Kops 13 garter snakes 7 manes 8 gnome zombies 21 jackals 7 foxes 6 kobolds 20 newts 4 goblins 19 sewer rats 13 grid bugs 6 bats 14 lichens 6 kobold zombies 1141 creatures vanquished. Genocided or extinct species: liches demiliches master liches arch-liches ogres (extinct) 4 species genocided. 1 species extinct. Voluntary challenges: You used a wielded weapon 1315 times, starting on turn 212. You read items or engraved 78 times, starting on turn 2633. You genocided 4 types of monsters, starting on turn 13867. You polymorphed 45 items, starting on turn 24663. You never changed form. You completed Sokoban on turn 7757, according to the rules. You used 3 wishes, starting on turn 13532. You wished for your your first artifact on turn 13532. You never split a pudding. You wrote Elbereth's name 19 times, starting on turn 2635. You violated your moral code, losing 6 points of alignment, starting on turn 2670. Dungeon overview: The Dungeons of Doom: levels 1 to 29 Level 1 a sink a long staircase Level 2 (closed shop) a hardware shop, a fountain, a sink Level 3 a potion shop Level 4 an altar to Crom stairs to The Gnomish Mines Level 5 Level 6 (+oMM in shop) a general store stairs to Sokoban Level 7 an armor shop Level 8 an altar to Set, some fountains Level 9 some fountains Level 10 a fountain Level 11 a scroll shop Level 12 portal to The Quest Level 13 a fountain Level 14 a fountain Level 15 Level 16 an armor shop Level 17 Level 18 Level 19 a fountain Level 20 a fountain Level 21 Level 22 some fountains Level 23 Level 24 Level 25 Level 26 Level 27 Level 28 Level 29 a magic chest, a fountain, a throne Gehennom: Level 30 stairs to The Dungeons of Doom The Gnomish Mines: levels 5 to 13 Level 5 stairs to The Dungeons of Doom Level 6 Level 7 some shops, a temple to Crom, a magic chest, some fountains Level 8 Level 9 Level 10 Level 11 Level 12 Level 13 many altars to Moloch, a magic chest, some fountains The Quest: levels 1 to 6 Level 1 a magic chest portal to The Dungeons of Doom Level 2 Level 3 Level 4 Level 5 Level 6 an altar to Set Sokoban: levels 2 to 5 Level 2 <- You were here a magic chest Level 3 Level 4 Level 5 a magic chest stairs to The Dungeons of Doom History has recorded: On T:1 you entered the Dungeons of Doom to retrieve the Amulet of Yendor! On T:352 you advanced to experience level 2. On T:500 you advanced to experience level 3. On T:552 you reached level 2 of The Dungeons of Doom. On T:969 you reached level 3 of The Dungeons of Doom. On T:1113 you advanced to experience level 4. On T:1352 you reached level 4 of The Dungeons of Doom. On T:1756 you reached level 5 of The Dungeons of Doom. On T:1851 you reached level 6 of The Dungeons of Doom. On T:2667 you advanced to experience level 5. On T:4528 you received Cleaver from Crom. On T:4662 you advanced to experience level 6. On T:4884 you reached level 4 of Sokoban. On T:4973 you opened a magic chest. On T:4978 you opened a magic chest. On T:5286 you reached level 3 of Sokoban. On T:6097 you reached level 2 of Sokoban. On T:6600 you advanced to experience level 7. On T:6840 you reached level 1 of Sokoban. On T:7757 you advanced to experience level 8. On T:7757 you entered the Sokoban zoo. On T:7842 you opened a magic chest. On T:8493 you reached level 1 of The Gnomish Mines. On T:8870 you reached level 2 of The Gnomish Mines. On T:9012 you reached level 3 of The Gnomish Mines. On T:9207 you entered the Minetown temple On T:9283 you opened a magic chest. On T:12105 you advanced to experience level 9. On T:13532 you wished for "blessed fixed Eye of the Aethiopica". On T:14146 you reached level 7 of The Dungeons of Doom. On T:14860 you reached level 8 of The Dungeons of Doom. On T:15071 you reached level 9 of The Dungeons of Doom. On T:15302 you reached level 10 of The Dungeons of Doom. On T:15621 you reached level 11 of The Dungeons of Doom. On T:15929 you reached level 12 of The Dungeons of Doom. On T:16029 you reached level 1 of The Quest. On T:16083 you advanced to experience level 10. On T:16590 you reached level 13 of The Dungeons of Doom. On T:16863 you reached level 14 of The Dungeons of Doom. On T:17278 you reached level 15 of The Dungeons of Doom. On T:17761 you reached level 16 of The Dungeons of Doom. On T:18063 you reached level 17 of The Dungeons of Doom. On T:18504 you reached level 18 of The Dungeons of Doom. On T:18897 you reached level 19 of The Dungeons of Doom. On T:19137 you advanced to experience level 11. On T:19314 you reached level 20 of The Dungeons of Doom. On T:19747 you reached level 21 of The Dungeons of Doom. On T:20411 you reached level 22 of The Dungeons of Doom. On T:21741 you reached level 23 of The Dungeons of Doom. On T:21744 you reached level 24 of The Dungeons of Doom. On T:21890 you reached level 25 of The Dungeons of Doom. On T:21904 you reached level 26 of The Dungeons of Doom. On T:21914 you reached level 27 of The Dungeons of Doom. On T:21918 you reached level 28 of The Dungeons of Doom. On T:21944 you reached The Castle. On T:22271 you advanced to experience level 12. On T:23284 you opened a magic chest. On T:24640 you wished for "uncursed magic marker". On T:24642 you wished for "blessed wand of polymorph". On T:26188 you opened a magic chest. On T:26212 you reached level 4 of The Gnomish Mines. On T:26580 you reached level 5 of The Gnomish Mines. On T:27076 you reached level 6 of The Gnomish Mines. On T:27595 you reached level 7 of The Gnomish Mines. On T:28042 you reached level 8 of The Gnomish Mines. On T:28502 you reached level 9 of The Gnomish Mines. On T:28502 you reached the bottom of the Mines. On T:29674 you opened a magic chest. On T:29679 you opened a magic chest. On T:30226 you opened a magic chest. On T:30226 you opened a magic chest. On T:30238 you opened a magic chest. On T:30242 you opened a magic chest. On T:32937 you advanced to experience level 13. On T:33226 you advanced to experience level 14. On T:33275 you embarked upon an epic quest. On T:33299 you opened a magic chest. On T:33301 you opened a magic chest. On T:33303 you opened a magic chest. On T:33341 you reached level 2 of The Quest. On T:34121 you reached level 3 of The Quest. On T:34979 you reached level 4 of The Quest. On T:35465 you reached level 5 of The Quest. On T:36347 you reached level 6 of The Quest. On T:36637 you killed Thoth Amon on level 6 of The Quest. On T:36952 you advanced to experience level 15. On T:37583 you completed the quest! On T:38296 you reached The Valley of the Dead. Score breakdown: Gold: 1182 ( 118 points) Experience: 15 levels ( 1400 points) Exploration: 30 levels ( 870 points) Discoveries: 84 items ( 2000 points) Variety of kills: 206 monsters ( 2000 points) Major goal: finished the Quest ( 2000 points) Survival: died (score multiplied by 3) Total score: 25164 Latest messages: The invisible ki-rin butts! Status of the ki-rin (lawful): Level 17 HP 60(54) Def 15, fast, invisible. You swing your Cleaver in a tremendous arc. You smite the invisible ki-rin. The invisible ki-rin kicks! (2x) The invisible ki-rin butts! The invisible ki-rin kicks! (2x) The invisible ki-rin butts! Status of the ki-rin (lawful): Level 17 HP 39(54) Def 15, fast, invisible. You dig a hole through the floor. The invisible ki-rin kicks! (2x) The invisible ki-rin butts! You die... The sack is empty. The sack is empty. Final status: Goodbye Elenmirod the Barbarian, killed by an invisible ki-rin... You died in Sokoban on dungeon level 2 with 25164 points, and 1182 pieces of gold, after 38647 moves. You were level 15 with a maximum of 166 hit points when you died.